 Dungeon Crawl Stone Soup version 0.29.1-2-gbd0b4ee654 (webtiles) character file.

Game seed: 6595357490887996656

1381 MTVSty1e the Cleaver (level 8, -19/64 HPs)
             Began as a Minotaur Fighter on Oct 23, 2022.
             Demolished by an ogre
             ... wielding a +0 giant club
              (26 damage)
             ... on level 5 of the Dungeon.
             The game lasted 00:05:56 (5341 turns).

MTVSty1e the Cleaver (Minotaur Fighter)             Turns: 5341, Time: 00:05:57

Health: -19/64     AC: 11    Str: 22    XL:     8   Next: 39%
Magic:  7/7        EV:  6    Int:  5    God:
Gold:   198        SH:  4    Dex: 11    Spells: 7/7 levels left

rFire   . . .      SeeInvis .   a - +0 war axe (venom)
rCold   . . .      Faith    .   c - +0 buckler
rNeg    . . .      Spirit   .   n - +0 plate armour
rPois   +          Reflect  .   (helmet restricted)
rElec   .          Harm     .   (no cloak)
rCorr   .          Rampage  .   (no gloves)
Will    .....                   (no boots)
Stlth   ..........              (no amulet)
HPRegen 0.20/turn               g - ring of poison resistance
MPRegen 0.10/turn               (no ring)

@: no status effects
A: horns 2, retaliatory headbutt
a: no special abilities


You were on level 5 of the Dungeon.
You visited 2 branches of the dungeon, and saw 6 of its levels.

You collected 198 gold pieces.

Inventory:

Hand Weapons
 a - a +0 war axe of venom (weapon)
 k - a +1 hand axe of flaming
Armour
 c - a +0 buckler (worn)
 n - a +0 plate armour (worn)
Jewellery
 g - a ring of poison resistance (left hand)
 h - a ring of wizardry
 l - a ring of magical power
 o - a ring of fire
Wands
 j - a wand of polymorph (5)
 p - a wand of paralysis (9)
Scrolls
 i - a scroll of torment {unknown}
 m - 2 scrolls of identify {unknown}
 q - 5 scrolls of teleportation {unknown}
 r - a scroll of butterflies {unknown}
 s - a scroll of noise {unknown}
 u - 4 scrolls of poison {unknown}
 v - a scroll of blinking {unknown}
Potions
 b - a potion of degeneration {unknown}
 d - a potion of might
 t - a potion of heal wounds {unknown}


   Skills:
 - Level 3.6 Fighting
 * Level 12.5 Axes
 - Level 3.6 Armour
 - Level 3.6 Shields


You had 7 spell levels left.
You didn't know any spells.
Your spell library was empty.

Dungeon Overview and Level Annotations

Branches:
Dungeon (5/15)             Temple (1/1) D:4

Altars:
Ashenzari
Cheibriados
Dithmenos
Gozag
Hepliaklqana
Kikubaaqudgha
Makhleb
Okawaru
Qazlal
Trog
Vehumet
Wu Jian
Xom
Yredelemnul
Zin
The Shining One

Shops:
D:4 [

Annotations:
D:4 2 transporters


Innate Abilities, Weirdness & Mutations

You have a pair of horns on your head.
You reflexively headbutt those who attack you in melee.


Message History

You closely miss the ogre.
The iguana hisses angrily.
The ogre shouts!
Your headbutt misses the ogre.
The ogre hits you with a +0 giant club!!
You closely miss the ogre. You hit the ogre. You headbutt the ogre.
The ogre is moderately wounded.
The ogre hits you with a +0 giant club!
You are too injured to fight recklessly!
You are too injured to fight recklessly!
You are too injured to fight recklessly!
You are too injured to fight recklessly!
You are too injured to fight recklessly!
You are too injured to fight recklessly!
You are too injured to fight recklessly!
You are too injured to fight recklessly!
You are too injured to fight recklessly!
You are too injured to fight recklessly!
You are too injured to fight recklessly!
You are too injured to fight recklessly!
You are too injured to fight recklessly!
You are too injured to fight recklessly!
You are too injured to fight recklessly!
Unknown command.
Found 8 gold pieces.
There is an open door here.
As you close the door, it creaks loudly!
An ogre breaks down the door.
As you read the scroll labelled TELOSTY PUILEA, it crumbles to dust.
It is a scroll of amnesia.
You feel forgetful for a moment. The ogre attacks as you move away!
The ogre hits you with a +0 giant club!!
* * * LOW HITPOINT WARNING * * *
As you read the scroll labelled KYOTIX ZUNTE, it crumbles to dust.
It is a scroll of brand weapon.
Your +0 war axe drips with poison.
a - a +0 war axe of venom (weapon)
The ogre hits you with a +0 giant club!!
You die...

#..O ############## #s..
#............# #..(
#......).....##########...
#............##...s.Ol..†.
#............##s##########
####............##.#
#<##............##.#########
#.##........@O.Ol..........#
#.##.........s..##########.#
#.############### ### #.#
#...........# #.# #.#
###########.# #.#####.# #.#
#.......# #.# #.#####.# #.#
#.# #.# #.# #.# #.#


You could see 2 ogres, a scorpion and an iguana.

Vanquished Creatures
  Pikel (D:3)
  Grinder (D:3)
  Sigmund (D:4)
  Edmund (D:5)
  A phantom (D:3)
  A lemure (D:3)
  A scorpion (D:5)
  2 hounds
  2 orc priests (D:4)
  Natasha (D:2)
  2 orc wizards
  3 gnolls (D:2)
  3 adders
  3 worms
  2 dart slugs
  12 orcs
  5 bats
  9 endoplasms
  3 giant cockroaches
  13 goblins
  10 hobgoblins
  6 kobolds
  4 quokkas
  9 ball pythons
  3 frilled lizards
  4 rats
103 creatures vanquished.

Notes
Turn   | Place    | Note
-------+----------+-------------------------------------------
     0 | D:1      | MTVSty1e the Minotaur Fighter began the quest for the Orb.
     0 | D:1      | Reached XP level 1. HP: 19/19 MP: 0/0
    88 | D:1      | Reached skill level 3 in Axes
   149 | D:1      | Reached XP level 2. HP: 18/26 MP: 1/1
   609 | D:1      | Reached skill level 4 in Axes
   976 | D:2      | Reached XP level 3. HP: 31/31 MP: 2/2
  1062 | D:2      | Noticed Natasha
  1069 | D:2      | Killed Natasha
  1070 | D:2      | Reached skill level 5 in Axes
  1203 | D:2      | Reached XP level 4. HP: 39/39 MP: 3/3
  1974 | D:3      | Reached skill level 6 in Axes
  1979 | D:3      | Found an ornate altar of the Wu Jian Council.
  1979 | D:3      | Found a bloodstained altar of Trog.
  2266 | D:3      | Noticed a phantom
  2273 | D:3      | Killed a phantom
  2274 | D:3      | Reached skill level 7 in Axes
  2274 | D:3      | Reached XP level 5. HP: 44/45 MP: 4/4
  2438 | D:3      | Found a faded altar of an unknown god.
  3214 | D:4      | Reached XP level 6. HP: 48/51 MP: 5/5
  3265 | D:4      | Noticed Pikel
  3265 | D:4      | Noticed Grinder
  3433 | D:4      | Noticed a two-headed ogre
  3447 | D:4      | Found an iron altar of Okawaru.
  3450 | D:4      | Found a shadowy altar of Dithmenos.
  3453 | D:4      | Found a transporter.
  3453 | D:4      | Noticed a sky beast
  3511 | D:4      | Paralysed by Grinder for 5 turns
  3521 | D:3      | Paralysed by Grinder for 2 turns
  3531 | D:3      | Killed Grinder
  3532 | D:3      | Reached skill level 9 in Axes
  3537 | D:3      | Killed Pikel
  3538 | D:3      | Reached skill level 10 in Axes
  3538 | D:3      | Reached XP level 7. HP: 4/57 MP: 6/6
  3944 | D:4      | Found Zeawewni's Armour Emporium.
  3961 | D:4      | Found a transporter.
  4179 | D:4      | Noticed Sigmund
  4194 | D:4      | Killed Sigmund
  4195 | D:4      | Reached skill level 11 in Axes
  4195 | D:4      | Reached XP level 8. HP: 58/64 MP: 7/7
  4256 | D:4      | Found a staircase to the Ecumenical Temple.
  4293 | Temple   | Entered the Ecumenical Temple
  4985 | D:5      | Entered Level 5 of the Dungeon
  5039 | D:5      | Reached skill level 12 in Axes
  5076 | D:5      | Noticed Edmund
  5089 | D:5      | Killed Edmund
  5341 | D:5      | Demolished by an ogre

Illustrated notes

Levels and vault maps discovered:
D:1:      tarquinn_simple_flora_water_f, layout_basic, minmay_pentomino_w2
D:2:      minmay_alternating_diamond, layout_basic, uniq_natasha
D:3:      layout_basic, mainiacjoe_overflow_large_starburst,
          chequers_ecumenical_altar_simple
D:4:      layout_gridville, gammafunk_temple_overflow_arena,
          minmay_temple_entry_statues_fountains, portal_sewer_entry_a,
          serial_shops, nicolae_shop_window_shopping, kennysheep_doodads,
          nicolae_hexahallways, minmay_goblin_outpost, uniq_sigmund, uniq_pikel,
          uniq_grinder
D:5:      layout_basic, mainiacjoe_overflow_brackets, serial_shops,
          nicolae_square_shop, hangedman_decor_riveting, uniq_edmund
Temple:   nicolae_temple_no_exploring_needed

Skill      XL: |  1  2  3  4  5  6  7  8 |
---------------+-------------------------+-----
Axes           | 3 4 5 7 10 11 12 | 12.5
Fighting       | |  3.6
Armour         | |  3.6
Shields        | |  3.6

Action                   |  1- 3 |  4- 6 |  7- 9 || total
-------------------------+-------+-------+-------++-------
Melee: War axe           |    49 |   117 |   102 ||   268
       Headbutt          |     7 |    12 |    17 ||    36
  Use: Potion            |       |     5 |       ||     5
       Scroll            |       |       |     2 ||     2
Armor: Scale mail        |    23 |     4 |       ||    27
       Plate armour      |       |    65 |    33 ||    98
Dodge: Dodged            |    27 |    40 |    19 ||    86
Block: Buckler           |     8 |    19 |    13 ||    40
